wizbiz, neutral female human Wizard --------- ----.-- |.....{..##### |.....| |>......| |<....| ------|-- #....[.- f# ###|.....| @ # ---|--- #Z# ### # # # # ----|---------- ### # |....^..*....[| # # |.............[###[# # |.............| --[-- |............(.# |...| --------------- |...| |..<| |...+ ----- wizbiz the Thaumaturge Experience level: 7 Strength: 12 Dexterity: 10 Constitution: 13 Intelligence: 18 Wisdom: 18 Charisma: 9 Health: 0(48) Energy: 84(105) Def: 3 Gold: 1780 Moves: 5455 Dungeon seed: KItA8ufL8IDLkn4p Game ID: wizbiz_1529021862 Your Inventory: Coins $ - 1780 gold pieces Amulets x - a blessed amulet of ESP S - an uncursed amulet of ESP Weapons a - a blessed +1 quarterstaff (weapon in hands) E - a +0 orcish dagger Q - 7 +0 elven arrows Armor k - a blessed +0 cloak of magic resistance (being worn) T - an uncursed +0 orcish helm (being worn) Y - an uncursed +0 pair of low boots (being worn) Comestibles o - an uncursed pancake K - 3 uncursed food rations Scrolls i - 3 uncursed scrolls of light j - an uncursed scroll of destroy armor q - an uncursed scroll of create monster t - an uncursed scroll of scare monster A - an uncursed scroll of charging C - a cursed scroll of destroy armor H - an uncursed scroll of confuse monster L - an uncursed scroll of magic mapping Spellbooks M - an uncursed spellbook of healing O - an uncursed spellbook of light Potions f - an uncursed potion of booze g - an uncursed potion of gain level h - an uncursed potion of sickness p - an uncursed potion of restore ability w - an uncursed potion of levitation X - an uncursed potion of water Rings c - an uncursed +4 ring of adornment d - an uncursed ring of fire resistance v - a cursed ring of conflict B - an uncursed ring of slow digestion G - an uncursed ring of shock resistance Wands b - a wand of light (0:13) I - a wand of striking (0:0) J - a wand of speed monster (0:3) P - a wand of probing (0:6) R - a wand of undead turning (0:6) V - a wand of slow monster (0:7) Tools e - an uncursed skeleton key l - a blessed oil lamp (0:1391) m - a magic marker (0:60) n - an uncursed blindfold u - an uncursed leash D - a crystal ball (0:4) F - an uncursed wax candle (0:400) Gems r - 2 uncursed worthless pieces of red glass s - an uncursed worthless piece of green glass y - 2 uncursed worthless pieces of orange glass z - an uncursed amethyst stone N - an uncursed worthless piece of blue glass W - 2 uncursed worthless pieces of white glass Spells and supernatural/magical abilities: Name Level Category Fail Memory a - force bolt 1 attack 0% 73% l - light 1 divination 0% 73% u - confuse monster 2 enchantment 0% 78% z - sleep 1 enchantment 0% 96% W - pray for help -- divine ? -- Your skills at the end: Fighting Skills Weapon Skills quarterstaff [Basic] Spellcasting Skills attack spells [Skilled] enchantment spells [Basic] Final Attributes: You were piously aligned. You were magic-protected. You were telepathic. You are dead. Vanquished creatures: a gnome king a dog a dingo 3 apes a human zombie 11 Uruk-hai a rock piercer 2 ponies 2 yellow lights 2 gnome lords 3 gnomish wizards an elf zombie a straw golem 4 giant ants 3 floating eyes a kitten a dwarf a homunculus 2 kobold lords a kobold shaman 21 hill orcs 2 rothes a centipede 4 iguanas 2 acid blobs 2 coyotes a gas spore 2 hobbits 2 large kobolds a hobgoblin 6 cave spiders a red mold 5 gnomes 7 jackals a fox 4 goblins 3 sewer rats 4 grid bugs 2 bats 5 lichens 10 newts 129 creatures vanquished. Voluntary challenges: You had been an atheist until turn 1806. You used a wielded weapon 101 times, starting on turn 2. You read items or engraved 4 times, starting on turn 945. You never genocided any monsters. You never polymorphed an object. You never changed form. You used no wishes. You never split a pudding. You never wrote Elbereth's name. You violated your moral code, losing 34 points of alignment, starting on turn 2210. Dungeon overview: The Dungeons of Doom: levels 1 to 9 Level 1 a long staircase Level 2 Level 3 a weapon shop Level 4 an armor shop stairs to The Gnomish Mines Level 5 Level 6 many fountains Level 7 <- You were here a fountain stairs to Sokoban Level 8 some fountains Level 9 a fountain, a sink The Gnomish Mines: levels 5 to 6 Level 5 stairs to The Dungeons of Doom Level 6 Sokoban: Level 6 stairs to The Dungeons of Doom History has recorded: On T:1 you entered the Dungeons of Doom to retrieve the Amulet of Yendor! On T:38 you reached level 2 of The Dungeons of Doom. On T:524 you advanced to experience level 2. On T:1143 you reached level 3 of The Dungeons of Doom. On T:1167 you reached level 4 of The Dungeons of Doom. On T:1418 you advanced to experience level 3. On T:1828 you reached level 1 of The Gnomish Mines. On T:1829 you reached level 2 of The Gnomish Mines. On T:1849 you advanced to experience level 4. On T:1995 you advanced to experience level 5. On T:2655 you reached level 5 of The Dungeons of Doom. On T:2755 you reached level 6 of The Dungeons of Doom. On T:3002 you advanced to experience level 6. On T:4321 you advanced to experience level 7. On T:4472 you reached level 7 of The Dungeons of Doom. On T:5062 you reached level 4 of Sokoban. On T:5163 you reached level 8 of The Dungeons of Doom. On T:5351 you reached level 9 of The Dungeons of Doom. Score breakdown: Gold: 1780 (11057 points) Experience: 7 levels (13645 points) Exploration: 9 levels ( 18.75%) (12377 points) Discoveries: 12 items ( 4.17%) ( 6123 points) Valuables value: (no points given unless you survive) Artifact value: 0 ( 0 points) Variety of kills: 41 monsters ( 10.76%) ( 9841 points) Turncount: 5455 turns (-1483 points) Survival: died (score multiplied by 80%) Total score: 41248 Latest messages: You can see again. You see here a centipede corpse. You fall down the stairs. You hear a door open. (2x) You have a little trouble lifting R - a crystal wand. You have a little trouble lifting $ - 7 gold pieces. You stop exploring. You hit the elf zombie! You stop exploring. The spell hits the elf zombie! You destroy the elf zombie! Something is written here in the dust. You read: "\lad ? s he e". You stop exploring. You hear some noises in the distance. You stop exploring. The ettin zombie hits! (2x) You miss the ettin zombie. You hit the ettin zombie! The ettin zombie hits! (2x) You miss the ettin zombie. The ettin zombie hits! You die... Final status: Goodbye wizbiz the Wizard, killed by an ettin zombie... You died in The Dungeons of Doom on dungeon level 7 with 41248 points, and 1780 pieces of gold, after 5455 moves. You were level 7 with a maximum of 48 hit points when you died.